 Dungeon Crawl Stone Soup version 0.30-a0-630-g881e3bac89 (webtiles) character file.

Game seed: 5923470486090033002

34264 CoinPitGoblin the Spry (level 13, -4/78 HPs)
             Began as a Spriggan Hunter on Jan 13, 2023.
             Was a Believer of Elyvilon.
             Killed from afar by a guardian serpent (23 damage)
             ... with a bolt of poison
             ... on level 5 of the Lair of Beasts.
             The game lasted 00:48:33 (15219 turns).

CoinPitGoblin the Spry (Spriggan Hunter)           Turns: 15219, Time: 00:48:33

Health: -4/78      AC:  6    Str:  7    XL:     13   Next: 41%
Magic:  1/16       EV: 44    Int: 10    God:    Elyvilon [**....]
Gold:   1107       SH:  0    Dex: 24    Spells: 12/12 levels left

rFire   . . .      SeeInvis +    b - +5 dagger (elec)
rCold   . . .      Faith    .    (no shield)
rNeg    . . .      Spirit   .    C - +0 steam dragon scales
rPois   .          Reflect  .    (helmet restricted)
rElec   .          Harm     .    q - +0 cloak
rCorr   .          Rampage  .    (gloves unavailable)
Will    +++..                    (boots unavailable)
Stlth   ++                       f - amulet of regeneration
HPRegen 1.13/turn                i - +5 ring of evasion
MPRegen 0.15/turn                D - ring of willpower

@: lethally poisoned (-4 -> -11), very quick
A: very small, no large weapons, unfitting armour, see invisible, speed 3
a: Renounce Religion, Purification, Heal Other


You were on level 5 of the Lair of Beasts.
You worshipped Elyvilon.
Elyvilon was pleased with you.
You visited 3 branches of the dungeon, and saw 16 of its levels.

You collected 1107 gold pieces.

Inventory:

Hand Weapons
 a - a +0 shortbow
 b - a +5 dagger of electrocution (weapon)
 I - a +1 heavy shortbow
 K - a +2 short sword of speed
 O - a +3 dagger of protection
Armour
 q - a +0 cloak (worn)
 y - a +2 robe of willpower
 C - +0 steam dragon scales (worn)
 E - the +1 robe "Veug" {-Tele rN++ Str+3 Dex+2}
   (You found it on level 10 of the Dungeon)

   Str:       It affects your strength (+3).
   Dex:       It affects your dexterity (+2).
   rN:        It greatly protects you from negative energy.
   -Tele:     It prevents most forms of teleportation.
Magical Staves
 t - a staff of earth
Jewellery
 f - an amulet of regeneration (around neck)
 i - a +5 ring of evasion (left hand)
 l - an amulet of magic regeneration
 w - a ring of resist corrosion
 D - a ring of willpower (right hand)
 X - a ring of positive energy
Wands
 z - a wand of polymorph (24)
 B - a wand of digging (10)
 L - a wand of flame (27)
 N - a wand of iceblast (7)
 P - a wand of mindburst (6)
 U - a wand of paralysis (1)
Scrolls
 d - a scroll of immolation
 j - a scroll of blinking
 m - 4 scrolls of teleportation
 o - 10 scrolls of identify
 r - 4 scrolls of vulnerability
 u - 4 scrolls of torment
 x - 3 scrolls of amnesia
 A - a scroll of poison
 F - 2 scrolls of brand weapon {unknown}
 G - a scroll of enchant armour {unknown}
 H - 2 scrolls of noise {unknown}
 Q - a scroll of silence
 R - a scroll of enchant weapon
Potions
 c - a potion of brilliance
 e - 4 potions of haste
 g - 6 potions of curing
 h - a potion of heal wounds
 k - 2 potions of flight
 n - 3 potions of mutation
 p - 3 potions of might
 s - a potion of resistance
 v - 6 potions of attraction
 M - 3 potions of magic {unknown}
 S - a potion of lignification {unknown}
 W - a potion of degeneration {unknown}
Miscellaneous
 V - a lightning rod (4/4)


   Skills:
 * Level 13.8 Fighting
 + Level 2.3 Short Blades
 - Level 4.0 Ranged Weapons
 + Level 20.3 Dodging
 - Level 1.5 Stealth
 + Level 3.2 Invocations


You had 12 spell levels left.
You didn't know any spells.
Your spell library contained the following spells:

 Spells                   Type           Power      Damage    Failure   Level
 Magic Dart               Conj           0%         1d3       36%         1
 Call Imp                 Summ           0%         N/A       50%         2
 Call Canine Familiar     Summ           0%         N/A       75%         3
 Mephitic Cloud           Conj/Pois/Air  0%         N/A       75%         3
 Portal Projectile        Hex/Tloc       0%         N/A       75%         3
 Leda's Liquefaction      Hex/Erth       0%         N/A       98%         4


Dungeon Overview and Level Annotations

Branches:
Dungeon (10/15)            Temple (1/1) D:4            Lair (5/5) D:10
  Swamp (0/4) Lair:2        Snake (0/4) Lair:2        Slime (0/5) Lair:5
    Orc: D:9-12

Altars:
Ashenzari
Cheibriados
Dithmenos
Elyvilon
Fedhas
Gozag
Hepliaklqana
Kikubaaqudgha
Makhleb
Nemelex Xobeh
Okawaru
Qazlal
Ru
Sif Muna
Trog
Uskayaw
Vehumet
Wu Jian
Xom
Yredelemnul
Zin
The Shining One
Jiyva

Shops:
D:5 [   D:9 ==


Innate Abilities, Weirdness & Mutations

You are very small and have problems with some larger weapons.
You are too small for most types of armour.
You have supernaturally acute eyesight. (SInv)
You cover ground extremely quickly. (Speed+++)


Message History

The wolf spider completely misses you. x2
Press: ? - help, Dir - move target, f/p - guardian serpent Heal: a guardian serpent (chance to pacify: <1%)
The light of Elyvilon fails to reach the guardian serpent.
The cane toad completely misses you. The guardian serpent misses you.
The wolf spider completely misses you. x2; The cane toad completely misses you. x2
Press: ? - help, Dir - move target, f/p - guardian serpent Heal: a guardian serpent (chance to pacify: <1%)
The light of Elyvilon fails to reach the guardian serpent.
The guardian serpent coils itself and waves its upper body at you.
The wolf spider hits you! The wolf spider completely misses you.
The cane toad completely misses you. The cane toad barely misses you.
The cane toad completely misses you.
The guardian serpent completely misses you.
The wolf spider completely misses you. x2
Press: ? - help, Dir - move target, f/p - guardian serpent Heal: a guardian serpent (chance to pacify: <1%)
The light of Elyvilon fails to reach the guardian serpent.
The cane toad stings you!!
* * * LOW HITPOINT WARNING * * *
You are lethally poisoned!
The cane toad poisons you! The cane toad completely misses you. x2
The guardian serpent completely misses you.
The wolf spider completely misses you. x2; The cane toad completely misses you.
You feel much better.
You feel very sick.
The guardian serpent casts a spell at you.
You resist with almost no effort. The cane toad completely misses you.
The cane toad barely misses you. The wolf spider misses you.
The wolf spider completely misses you. The cane toad completely misses you.
The guardian serpent completely misses you.
The wolf spider completely misses you. The wolf spider misses you.
The cane toad stings you!
* * * LOW HITPOINT WARNING * * *
The cane toad completely misses you.
You feel better.
The guardian serpent casts a spell at you.
The bolt of poison hits you!!
You are poisoned.
You die...

.
#....#...##....P..
.
##..##..##.....P..
.
#..#..##.........
.
####.##.....###..
# ###..#....### .#
.# ##....†..### .#
...####....#.###
.....FSFPP.###
.....SF@PP.#
...####sF..#
##..## ####


You could see a wolf spider, a guardian serpent, a black mamba and 4 cane toads.

Vanquished Creatures
  2 hydras (Lair:4)
  A catoblepas (Lair:5)
  2 boulder beetles
  A centaur warrior (D:10)
  Erica (D:8)
  Nergalle (D:10)
  5 elephants
  11 cane toads
  2 black mambas
  5 kobold demonologists
  Maggie (D:7)
  A rime drake (Lair:5)
  5 komodo dragons
  A troll (D:10)
  A polar bear (Lair:4)
  A hornet (D:7)
  Prince Ribbit (D:7)
  19 blink frogs
  A slime creature (D:10)
  A shadow (D:10)
  3 spriggans (Lair:5)
  Sigmund (D:4)
  29 yaks
  2 wraiths (D:9)
  4 basilisks
  13 wyverns
  2 redbacks (Lair:5)
  A steam dragon (D:8)
  3 nagas (Lair:2)
  An acid dragon (D:9)
  Edmund (D:5)
  Duvessa (D:5)
  20 water moccasins
  2 orc warriors (D:10)
  5 black bears
  2 ice beasts (D:6)
  8 wolves
  An ogre (D:5)
  3 centaurs
  5 kobold brigands
  Blork the orc (D:4)
  2 gnoll sergeants
  18 bullfrogs
  A scorpion (D:10)
  A necrophage (D:7)
  5 wights (D:8)
  Dowan (D:5)
  15 killer bees
  An electric eel (Lair:2)
  4 hounds
  7 orc priests
  A jelly (D:5)
  A gnoll bouda (D:5)
  Crazy Yiuf (D:5)
  Terence (D:2)
  A human skeleton (D:5)
  4 iguanas
  4 orc wizards
  7 hell rats (Lair:4)
  Robin (D:2)
  12 gnolls
  5 adders
  4 shadow imps
  3 white imps
  2 ufetubi (D:6)
  3 dart slugs
  33 orcs
  10 endoplasms
  2 giant cockroaches (D:4)
  10 goblins (D:2)
  10 hobgoblins
  22 kobolds
  6 quokkas
  6 ball pythons
  5 bats
  5 frilled lizards
  9 rats
394 creatures vanquished.

Vanquished Creatures (others)
  A yak (D:5)
  A water moccasin (D:10)
  Ijyb (D:5)
  An iguana (D:5)
  18 fungi
  55 plants
77 creatures vanquished.

Grand Total: 471 creatures vanquished

Notes
Turn   | Place    | Note
-------+----------+-------------------------------------------
     0 | D:1      | CoinPitGoblin the Spriggan Hunter began the quest for the
                  | Orb.
     0 | D:1      | Reached XP level 1. HP: 10/10 MP: 2/2
    53 | D:1      | Reached skill level 3 in Dodging
   285 | D:1      | Reached XP level 2. HP: 14/14 MP: 3/3
   354 | D:1      | Reached skill level 4 in Dodging
   726 | D:2      | Found a basalt altar of Yredelemnul.
   789 | D:2      | Noticed Terence
   834 | D:2      | Killed Terence
   835 | D:2      | Reached skill level 5 in Dodging
   835 | D:2      | Reached XP level 3. HP: 18/18 MP: 4/4
   984 | D:2      | Noticed Robin
   998 | D:2      | Reached XP level 4. HP: 22/22 MP: 5/5
  1029 | D:2      | Killed Robin
  1030 | D:2      | Reached skill level 6 in Dodging
  1252 | D:2      | Found a faded altar of an unknown god.
  1897 | D:3      | Reached skill level 7 in Dodging
  1897 | D:3      | Reached XP level 5. HP: 19/25 MP: 6/6
  2491 | D:4      | Found a staircase to the Ecumenical Temple.
  2508 | Temple   | Entered the Ecumenical Temple
  2508 | Temple   | Found a transporter.
  2508 | Temple   | Found a transporter.
  2510 | Temple   | Found a transporter.
  2510 | Temple   | Found a transporter.
  2550 | Temple   | Became a worshipper of Elyvilon the Healer
  2717 | D:4      | Noticed Blork the orc
  2749 | D:4      | Noticed a water moccasin
  2776 | D:4      | Found a glowing golden altar of the Shining One.
  2777 | D:4      | Noticed a black bear
  2787 | D:4      | Noticed Sigmund
  2871 | D:3      | Killed a water moccasin
  2872 | D:3      | Reached skill level 8 in Dodging
  2872 | D:3      | Reached XP level 6. HP: 24/32 MP: 7/7
  2930 | D:4      | Killed Sigmund
  2961 | D:4      | Killed Blork the orc
  2962 | D:4      | Reached XP level 7. HP: 31/36 MP: 8/8
  3078 | D:4      | Reached skill level 9 in Dodging
  3198 | D:5      | Entered Level 5 of the Dungeon
  3198 | D:5      | Found Gerif's Armour Shop.
  3249 | D:5      | Reached * piety under Elyvilon
  3448 | D:5      | Found a glowing silver altar of Zin.
  3656 | D:5      | Noticed Ijyb
  3662 | D:5      | Killed Ijyb
  3673 | D:5      | Noticed Duvessa
  3677 | D:5      | Noticed Dowan
  3907 | D:5      | Reached skill level 10 in Dodging
  3923 | D:5      | Noticed Edmund
  3984 | D:5      | Killed Edmund
  3985 | D:5      | Reached skill level 5 in Fighting
  3985 | D:5      | Reached XP level 8. HP: 39/43 MP: 9/9
  4013 | D:5      | Found a runed translucent door.
  4032 | D:5      | Found a basalt altar of Yredelemnul.
  4358 | D:5      | Killed Duvessa
  4359 | D:5      | Reached skill level 11 in Dodging
  4359 | D:5      | Reached XP level 9. HP: 50/50 MP: 10/10
  4363 | D:5      | Killed Dowan
  4481 | D:5      | Found a runed translucent door.
  4482 | D:5      | Noticed Crazy Yiuf
  4500 | D:5      | Killed Crazy Yiuf
  4568 | D:6      | Reached ** piety under Elyvilon
  5691 | D:7      | Found a burning altar of Makhleb.
  5766 | D:7      | Reached *** piety under Elyvilon
  5964 | D:7      | Noticed Prince Ribbit
  6006 | D:7      | Killed Prince Ribbit
  6022 | D:7      | Noticed Maggie
  6217 | D:7      | Found a stormy altar of Qazlal.
  6305 | D:7      | Found a sacrificial altar of Ru.
  6329 | D:7      | Found a blossoming altar of Fedhas.
  6378 | D:7      | Reached skill level 12 in Dodging
  6637 | D:7      | Killed Maggie
  6638 | D:7      | Reached XP level 10. HP: 37/58 MP: 11/11
  6972 | D:8      | Reached skill level 10 in Fighting
  7073 | D:8      | Noticed Erica
  7082 | D:8      | Killed Erica
  7083 | D:8      | Reached skill level 13 in Dodging
  7736 | D:9      | Noticed an orange demon
  7885 | D:9      | Found Odgh's Jewellery Boutique.
  7935 | D:9      | Reached **** piety under Elyvilon
  8001 | D:9      | Noticed a rust devil
  8056 | D:9      | Reached XP level 11. HP: 49/65 MP: 12/12
  8341 | D:9      | Found Wuodekoss's Jewellery Emporium.
  8467 | D:10     | Entered Level 10 of the Dungeon
  8467 | D:10     | Noticed Nergalle
  8467 | D:10     | Found a staircase to the Lair.
  8588 | D:10     | Reached skill level 14 in Dodging
  8595 | D:10     | Identified the +1 robe "Veug" {-Tele rN++ Str+3 Dex+2}
  8639 | D:10     | Reached ***** piety under Elyvilon
  8741 | D:10     | HP: 1/65 [orc priest/divine providence (17)]
  9043 | D:10     | Killed Nergalle
  9044 | D:10     | Reached skill level 15 in Dodging
  9119 | D:10     | Noticed a centaur warrior
  9128 | D:10     | Killed a centaur warrior
  9180 | D:10     | Noticed a boulder beetle
  9197 | D:10     | Killed a boulder beetle
  9539 | Lair:1   | Entered Level 1 of the Lair of Beasts
  9563 | Lair:1   | Reached skill level 16 in Dodging
  9871 | Lair:1   | Noticed a boulder beetle
  9889 | Lair:1   | Killed a boulder beetle
  9890 | Lair:1   | Reached XP level 12. HP: 40/72 MP: 10/13
 10173 | Lair:1   | Reached skill level 17 in Dodging
 10714 | Lair:2   | You fall into a shaft and drop 1 floor!
 11218 | Lair:2   | Found a staircase to the Snake Pit.
 11395 | Lair:2   | Reached skill level 1 in Invocations
 11434 | Lair:2   | Found a staircase to the Swamp.
 11498 | Lair:2   | Reached skill level 18 in Dodging
 12851 | Lair:3   | Reached skill level 19 in Dodging
 12944 | Lair:4   | Noticed an eight-headed hydra
 13213 | Lair:4   | Killed an eight-headed hydra
 13295 | Lair:4   | Noticed a six-headed hydra
 13321 | Lair:4   | Killed a six-headed hydra
 13322 | Lair:4   | Reached XP level 13. HP: 66/77 MP: 8/15
 14302 | Lair:5   | Entered Level 5 of the Lair of Beasts
 14617 | Lair:5   | Reached skill level 20 in Dodging
 14894 | Lair:5   | Reached skill level 1 in Short Blades
 14934 | Lair:5   | Found a staircase to the Slime Pits.
 14934 | Lair:5   | Found a viscous altar of Jiyva.
 15219 | Lair:5   | Killed from afar by a guardian serpent

Illustrated notes

Levels and vault maps discovered:
D:1:      lemuel_arrival_rhombus, layout_loops_ring
D:2:      layout_loops_ring, hellmonk_ecumenical_altar_slurped_away,
          basic_altar, minmay_octomino_j4, uniq_robin, uniq_terence
D:3:      layout_loops_cross, nicolae_figureground_sparkle
D:4:      layout_cave_pools, lemuel_crystal_altar, minmay_temple_entry_mist,
          uniq_blork_the_orc, uniq_sigmund
D:5:      layout_rooms, dk_yredelemnul_ordeal, mainiacjoe_overflow_brackets,
          serial_shops, nicolae_shop_hallway_stairs, uniq_edmund,
          uniq_crazy_yiuf_cottage, uniq_duvessa, uniq_ijyb
D:6:      layout_basic
D:7:      nicolae_cairo_tiling_large, layout_cave_pods,
          makhleb_blood_cavern_becter, mainiacjoe_overflow_catwalk_spiral,
          amcnicky_altar_gilded, corexii_hall_statues_l, uniq_maggie,
          uniq_prince_ribbit1
D:8:      layout_loops_ring, uniq_erica
D:9:      layout_cave_pools, serial_shops, shop_fountains, kennysheep_little_box
D:10:     minmay_wavy_crystal, layout_rooms, minmay_lair_entry_grove,
          uniq_nergalle
Temple:   hellmonk_temple_divided_pantheon
Lair:1:   layout_cave_pods, lemuel_fruit_tree
Lair:2:   layout_small_grid, swamp_mist_pool,
          minmay_snake_entry_guardpost_small, serial_bayou_shore_b
Lair:3:   layout_roguey
Lair:4:   layout_cave_pods
Lair:5:   hangedman_lair_caniforms_friends, layout_long_grid,
          hangedman_lair_tendril_chambers, slime_entry_1, wad_woods_02,
          infiniplex_staircase_pool

Skill      XL: |  1  2  3  4  5  6  7  8  9 10 11 12 13 |
---------------+----------------------------------------+-----
Dodging        | 3 5 7 8 10 11 12 13 16 19 20 | 20.3
Fighting       | 2 3 5 7 9 11 12 13 | 13.8
Invocations    | 2 3 |  3.2
Short Blades   | 2 |  2.3
Ranged Weapons | |  4.0
Stealth        | |  1.5

Action                   |  1- 3 |  4- 6 |  7- 9 | 10-12 | 13-15 || total
-------------------------+-------+-------+-------+-------+-------++-------
Melee: Short sword       |    26 |       |       |       |       ||    26
       Dagger            |       |       |    71 |  1077 |   363 ||  1511
       Punch             |       |       |     1 |    27 |     6 ||    34
 Fire: Shortbow          |    64 |   158 |   457 |   238 |       ||   917
Invok: Heal Self         |       |       |     3 |    14 |     6 ||    23
       Purification      |       |       |     2 |     1 |    12 ||    15
       Heal Other        |       |       |       |     8 |     7 ||    15
Evoke: Wand              |       |     2 |     9 |     6 |     3 ||    20
       Lightning rod     |       |       |       |     1 |       ||     1
  Use: Scroll            |     2 |     5 |    11 |     1 |       ||    19
       Potion            |       |       |       |       |     5 ||     5
 Stab: Sleeping          |     4 |       |       |     5 |     2 ||    11
       Paralysed         |       |       |       |     5 |     5 ||    10
       Petrified         |       |       |       |       |     2 ||     2
Armor: Robe              |     1 |     1 |     9 |       |       ||    11
       Steam dragon scal |       |       |       |    85 |    14 ||    99
Dodge: Dodged            |    49 |    64 |   426 |  2346 |   804 ||  3689

Table legend: (Time is in decaauts)
 A = Elapsed time spent in this place.
 B = Non-inter-level travel time spent in this place.
 C = Inter-level travel time spent in this place.
 D = Time resting spent in this place.
 E = Time spent auto-exploring this place.
 F = Levels seen in this place.
 G = Mean time per level.
                   A        B        C        D        E       F      G
               +--------+--------+--------+--------+--------+-----+--------+
         Total |  10993 |  10392 |    601 |    173 |   5745 |  16 |  687.1 |
       Dungeon |   6830 |   6357 |    473 |     94 |   3464 |  10 |  683.0 |
        Temple |     38 |     31 |      7 |      0 |      0 |   1 |   38.0 |
          Lair |   4123 |   4002 |    121 |     79 |   2280 |   5 |  824.6 |
               +--------+--------+--------+--------+--------+-----+--------+

Top non-repeatable levels by time:
  Lair:4: 1124 daAuts
     D:5: 1093 daAuts
     D:8: 884 daAuts
  Lair:1: 814 daAuts
    D:10: 806 daAuts
  Lair:2: 791 daAuts
     D:7: 783 daAuts
  Lair:3: 718 daAuts
     D:2: 716 daAuts
  Lair:5: 674 daAuts
     D:6: 639 daAuts
     D:3: 606 daAuts
     D:9: 477 daAuts
     D:1: 427 daAuts
     D:4: 395 daAuts
